AoeStats
← Manolosaurio

Four Lakes

508026142Analyzed
1v1 RM · 13d ago on Sep 20, 2026· 31m 33s· 2 players
Game mode
Random Map
Map size
Tiny (2 player)
Population
200
Speed
Normal
Resources
Standard
Victory
Conquest
Starting age
Dark Age
Ending age
Imperial Age
RankedLock teamsTeams togetherTeam positionsShared explorationLock speedFull tech treeHidden civsTurbo modeCheats
Victory
Defeat
🇫🇷 Burmese · France
985
+16
🇪🇸 Armenians · Spain
983
-16
Manolosaurio
2:48 Loom
9:56 Feudal Age
16:41 Castle Age
18:49 Town Watch
25:05 Fletching
25:15 Padded Archer Armor
27:03 Wheelbarrow
26:47 Double-Bit Axe
30:37 Scale Mail Armor
30:47 Forging
Zorken
7:15 Loom
10:30 Feudal Age
12:05 Man-at-Arms
17:48 Horse Collar
17:59 Gold Mining
21:50 Castle Age
21:01 Wheelbarrow
22:44 Scale Barding Armor
22:50 Forging
Connection lost

Rejoining the realm…

Still unreachable

The connection could not be restored.

Session expired

The server has moved on; the page needs a fresh start.